 Dungeon Crawl Stone Soup version 0.30-a0-696-g2367cd04db (webtiles) character file.

Game seed: 1151936418011955484

2016 Shayle the Trooper (level 9, -12/70 HPs)
             Began as a Demonspawn Reaver on Jan 21, 2023.
             Was an Initiate of Ashenzari.
             Mangled by a gnoll sergeant
             ... wielding a +0 glaive
              (16 damage)
             ... in a bailey.
             The game lasted 00:21:00 (7180 turns).

Shayle the Trooper (Demonspawn Reaver)              Turns: 7180, Time: 00:21:01

Health: -12/70     AC:  6    Str: 13    XL:     9   Next: 3%
Magic:  21/21      EV: 15    Int: 17    God:    Ashenzari [......]
Gold:   789        SH:  0    Dex: 11    Spells: 6/12 levels left

rFire   . . .      SeeInvis .    k - +2 dagger (drain)
rCold   . . .      Faith    .    (no shield)
rNeg    . . .      Spirit   .    b - +0 leather armour
rPois   .          Reflect  .    (no helmet)
rElec   .          Harm     .    j - +1 cloak
rCorr   .          Rampage  .    (no gloves)
Will    .....                    u - +0 pair of boots
Stlth   +++                      (no amulet)
HPRegen 0.31/turn                m - ring of magical power
MPRegen 0.17/turn                (no ring)

@: very slightly contaminated
A: repulsion field 1, demonic guardian 1, powered by pain 2, dopey 1, subdued
magic 1
a: Renounce Religion


You were in a bailey.
You worshipped Ashenzari.
Ashenzari was noncommittal.
You visited 2 branches of the dungeon, and saw 8 of its levels.
You also visited: Bailey.

You collected 789 gold pieces.

Inventory:

Hand Weapons
 a - a +0 spear
 k - a +2 dagger of draining (weapon)
Missiles
 h - 3 throwing nets (quivered)
Armour
 b - a +0 leather armour (worn)
 j - a +1 cloak (worn)
 u - a +0 pair of boots (worn)
Jewellery
 e - an amulet of faith
 m - a ring of magical power (left hand)
 q - a ring of fire
 s - the amulet of Qegitid {Spirit -Tele rF+ Str+6 Stlth+}
   (You found it on level 4 of the Dungeon)

   [amulet of guardian spirit]

   It causes incoming damage to be divided between your reserves of health and
   magic.
   Str:       It affects your strength (+6).
   rF:        It protects you from fire.
   -Tele:     It prevents most forms of teleportation.
   Stlth:     It makes you more stealthy.
Scrolls
 i - a scroll of amnesia
 r - a scroll of enchant armour
 w - 2 scrolls of identify
 x - a scroll of butterflies {unknown}
Potions
 g - a potion of attraction
 l - a potion of cancellation {unknown}
 n - a potion of might
 p - a potion of lignification {unknown}
 v - a potion of degeneration {unknown}


   Skills:
 + Level 6.3 Fighting
 - Level 2.6 Polearms
 + Level 5.8 Dodging
 + Level 5.9 Stealth
 - Level 2.0 Spellcasting
 - Level 3.0 Conjurations
 + Level 4.6 Fire Magic


You had 6 spell levels left.
You knew the following spells:

 Your Spells              Type           Power      Damage    Failure   Level
a - Kiss of Death         Conj/Necr      20%        2d7       11%         1
b - Hailstorm             Conj/Ice       5%         3d4       32%         3
c - Scorch                Fire           26%        2d6       4%          2

Your spell library contained the following spells:

 Spells                   Type           Power      Damage    Failure   Level
 Momentum Strike          Conj/Tloc      10%        3d8       17%         2
 Necrotise                Necr           4%         1d4       21%         1
 Summon Small Mammal      Summ           4%         N/A       21%         1
 Cigotuvi's Dreadful Rot  Necr/Pois/Air  2%         N/A       32%         2
 Poisonous Vapours        Pois/Air       2%         N/A       32%         2
 Mephitic Cloud           Conj/Pois/Air  3%         N/A       38%         3
 Flame Wave               Conj/Fire      11%        2d6       41%         4
 Call Canine Familiar     Summ           1%         N/A       54%         3
 Confusing Touch          Hex            1%         N/A       54%         3
 Summon Guardian Golem    Hex/Summ       1%         N/A       54%         3
 Vampiric Draining        Necr           1%         2d6       54%         3
 Vhi's Electric Charge    Tloc/Air       2%         N/A       54%         3
 Dispel Undead            Necr           1%         3d6       92%         4
 Arcjolt                  Conj/Air       2%         1d12      98%         5
 Agony                    Necr           1%         N/A       99%         5
 Conjure Ball Lightning   Conj/Air       2%         3x3d6     100%        6
 Summon Cactus Giant      Summ           0%         N/A       100%        6
 Discord                  Hex            0%         N/A       100%        8
 Disjunction              Tloc           0%         N/A       100%        8
 Maxwell's Capacitive Co  Air            0%         ∞         100%        8


Dungeon Overview and Level Annotations

Branches:
Dungeon (7/15)             Temple (1/1) D:6          Bailey (1/1)

Altars:
Ashenzari
Cheibriados
Dithmenos
Fedhas
Gozag
Kikubaaqudgha
Makhleb
Nemelex Xobeh
Qazlal
Ru
Sif Muna
Uskayaw
Vehumet
Wu Jian
Xom
Yredelemnul

Shops:
D:7 (


Innate Abilities, Weirdness & Mutations

You are surrounded by a mild repulsion field. (EV +2)
A weak demonic guardian rushes to your aid.
You sometimes gain power by taking damage.
You are dopey. (Int -2)
Your spells are a little easier to cast, but a little less powerful.


Message History

A demonic guardian appears!
The gnoll sergeant closely misses you. The wolf closely misses you.
You closely miss the wolf.
The wolf is heavily wounded.
The wolf barely misses you.
The gnoll sergeant hits you but does no damage.
The gnoll sergeant barely misses you. The gnoll barely misses you.
Your white imp hits the wolf.
Your white imp freezes the wolf.
You hit the wolf but do no damage.
The wolf is severely wounded.
The wolf completely misses you.
The gnoll sergeant hits you from afar with a +0 glaive!
* * * LOW HITPOINT WARNING * * *
The gnoll sergeant barely misses you.
The gnoll hits you from afar with a +0 halberd!
* * * LOW HITPOINT WARNING * * *
The wolf bites you.
* * * LOW HITPOINT WARNING * * *
Your white imp hits the wolf.
Your white imp freezes the wolf.
You feel better.
Your surroundings seem slightly different.
A gnoll sergeant comes into view. It is wielding a +0 halberd.
Casting: Scorch (safe; 4% risk of failure)
Confirm with . or Enter, or press ? or * to list all spells.
Casting: Hailstorm (dangerous; 32% risk of failure)
Press: ? - help, Dir - look around, f - activate You miscast Hailstorm.
You are very lightly contaminated with residual magic.
Nothing appears to happen.
The wolf bites you but does no damage. The gnoll sergeant closely misses you.
The gnoll sergeant hits you from afar with a +0 halberd!!
* * * LOW HITPOINT WARNING * * *
You focus on the pain.
You feel your power returning. The gnoll closely misses you.
As you read the scroll labelled MASICA YDITS, it crumbles to dust.
The creatures around you are filled with an inner flame!
It was a scroll of immolation.
The wolf misses you. The gnoll sergeant barely misses you.
The gnoll sergeant hits you from afar with a +0 glaive!
You die...

..# ..# ..# ##### ...#
.≈♣ ..# ##...##
...#..≈♣
..######.....###'##..≈♣
..'...#.......#......≈♣
..'...'...8...'(.....≈♣
..'...#.......#5gg...≈♣
..######.....###h##..≈♣
.)# ##...##..@g# .≈♣
).# #####.g...# ♣ ).#
.'.......# ..#
.#......## ..###
#...8.## ≈...# ######
≈≈≈≈≈≈≈≈≈ ♣♣♣♣♣♣♣♣♣


You could see 3 gnoll sergeants, a wolf (inner flame, very drained, ally
target), a gnoll (inner flame) and a friendly white imp (summoned, inner flame).

Vanquished Creatures
  A steam dragon (D:7)
  A sky beast (D:5)
  2 black bears (D:6)
  An ogre (D:5)
  2 wolves (Bailey)
  A bullfrog (D:5)
  A necrophage (D:6)
  5 gnoll sergeants (Bailey)
  A scorpion (D:5)
  8 hounds
  2 jellies
  An orc priest (D:6)
  4 gnoll boudas (Bailey)
  2 iguanas (D:5)
  3 orc wizards (D:6)
  10 gnolls (Bailey)
  An adder (D:4)
  A shadow imp (D:6)
  A white imp (D:7)
  A worm (D:5)
  2 dart slugs
  6 orcs
  9 endoplasms
  4 giant cockroaches
  3 hobgoblins
  3 jackals (D:4)
  2 quokkas
  8 ball pythons
  6 bats
  4 frilled lizards
  3 goblins
  6 kobolds
  6 rats
111 creatures vanquished.

Vanquished Creatures (collateral kills)
  A howler monkey (D:5)
  An iguana (D:5)
  2 orc wizards (D:6)
  A white imp (D:4)
  A worm (D:3)
  A ball python (D:3)
7 creatures vanquished.

Vanquished Creatures (others)
  An ufetubus (D:7)
1 creature vanquished.

Grand Total: 119 creatures vanquished

Notes
Turn   | Place    | Note
-------+----------+-------------------------------------------
     0 | D:1      | Shayle the Demonspawn Reaver began the quest for the Orb.
     0 | D:1      | Reached XP level 1. HP: 16/16 MP: 3/3
   317 | D:1      | Gained mutation: A weak demonic guardian rushes to your
                  | aid. [demonic ancestry]
   317 | D:1      | Reached XP level 2. HP: 5/22 MP: 5/5
   614 | D:1      | Found a faded altar of an unknown god.
   711 | D:1      | Reached skill level 1 in Stealth
  1085 | D:2      | Reached XP level 3. HP: 28/28 MP: 6/6
  1720 | D:3      | Found a faded altar of an unknown god.
  1726 | D:3      | Found a sparkling altar of Nemelex Xobeh.
  1796 | D:3      | Learned a level 3 spell: Hailstorm
  2463 | D:4      | Reached XP level 4. HP: 17/34 MP: 7/7
  2539 | D:4      | Identified the amulet of Qegitid {Spirit -Tele rF+ Str+6
                  | Stlth+}
  2550 | D:4      | Reached skill level 3 in Fighting
  3220 | D:5      | Entered Level 5 of the Dungeon
  3235 | D:5      | Gained mutation: You sometimes gain a little power by
                  | taking damage. [demonic ancestry]
  3235 | D:5      | Reached XP level 5. HP: 40/41 MP: 8/8
  3270 | D:5      | Found a shimmering altar of Xom.
  3299 | D:5      | Learned a level 2 spell: Scorch
  3690 | D:5      | Reached skill level 1 in Fire Magic
  3700 | D:5      | Reached XP level 6. HP: 13/48 MP: 9/9
  3850 | D:5      | Noticed a sky beast
  3872 | D:5      | Reached skill level 4 in Fighting
  3874 | D:5      | Killed a sky beast
  3879 | D:5      | Gained mutation: You sometimes gain power by taking damage.
                  | [demonic ancestry]
  3879 | D:5      | Reached XP level 7. HP: 31/55 MP: 0/10
  5296 | D:6      | Reached skill level 5 in Fighting
  5377 | D:6      | Reached XP level 8. HP: 40/62 MP: 11/11
  5385 | D:6      | Found a staircase to the Ecumenical Temple.
  5395 | Temple   | Entered the Ecumenical Temple
  5527 | Temple   | Became a worshipper of Ashenzari the Shackled
  5844 | D:6      | Found a burning altar of Makhleb.
  5976 | D:7      | Found Weinluwe's Weapon Boutique.
  6026 | D:7      | Found a flagged portal.
  6038 | D:7      | Reached skill level 5 in Dodging
  6038 | D:7      | Reached skill level 5 in Stealth
  6045 | Bailey   | Entered a bailey
  6622 | Bailey   | Reached skill level 6 in Fighting
  6918 | Bailey   | Gained mutation: You are dopey. (Int -2) [potion of
                  | mutation]
  6918 | Bailey   | Gained mutation: Your spells are a little easier to cast,
                  | but a little less powerful. [potion of mutation]
  6936 | Bailey   | Gained mutation: You are surrounded by a mild repulsion
                  | field. (EV +2) [demonic ancestry]
  6936 | Bailey   | Reached XP level 9. HP: 17/70 MP: 1/12
  7180 | Bailey   | Mangled by a gnoll sergeant

Illustrated notes

Levels and vault maps discovered:
D:1:      nzn_arrival_depleted_hourglass, layout_basic,
          hellmonk_ecumenical_altar_arch_garden, serial_glass, glass_columns_b,
          glass_columns_a
D:2:      layout_loops_ring
D:3:      layout_loops_cross, nicolae_overflow_ecumenical_swirl,
          hangedman_abyss_or_decor_lesser_grid
D:4:      layout_rooms, nicolae_titane
D:5:      layout_basic, lemuel_crystal_altar, amcnicky_altar_gilded,
          roderic_roman_lattice, corexii_leaking_fountain, hex_large
D:6:      layout_rooms, makhleb_heckhound_becter, minmay_temple_entry_junction,
          minmay_a_box_with_orc_wizards_in_it
D:7:      layout_cave_pods, overflow_temple_1_default, enter_bailey_2,
          serial_shops, nicolae_take_the_stairs, nicolae_inconvenience_store,
          shop
Temple:   nicolae_temple_god_jail
Bailey:   bailey_polearm_gnolls_kennysheep, bailey

Skill      XL: |  1  2  3  4  5  6  7  8 |
---------------+-------------------------+-----
Dodging        | 2 3 4 5 |  5.8
Stealth        | 1 2 3 4 5 |  5.9
Fighting       | 3 4 5 6 |  6.3
Fire Magic     | 1 2 3 4 |  4.6
Polearms       | |  2.6
Spellcasting   | |  2.0
Conjurations   | |  3.0

Action                   |  1- 3 |  4- 6 |  7- 9 || total
-------------------------+-------+-------+-------++-------
Melee: Spear             |   195 |   106 |    46 ||   347
       Dagger            |       |       |    92 ||    92
       Punch             |       |       |     5 ||     5
Throw: Dart              |       |     6 |    12 ||    18
       Boomerang         |       |       |     2 ||     2
 Cast: Scorch            |       |     5 |    90 ||    95
       Hailstorm         |       |       |     3 ||     3
  Use: Potion            |     1 |       |    11 ||    12
       Scroll            |       |     3 |     7 ||    10
 Stab: Sleeping          |     3 |     2 |     1 ||     6
       Distracted        |     1 |       |       ||     1
Armor: Leather armour    |    48 |    33 |    58 ||   139
Dodge: Dodged            |   110 |    67 |   175 ||   352

Table legend: (Time is in decaauts)
 A = Elapsed time spent in this place.
 B = Non-inter-level travel time spent in this place.
 C = Inter-level travel time spent in this place.
 D = Time resting spent in this place.
 E = Time spent auto-exploring this place.
 F = Levels seen in this place.
 G = Mean time per level.
                   A        B        C        D        E       F      G
               +--------+--------+--------+--------+--------+-----+--------+
         Total |   7171 |   6831 |    340 |   1815 |   3224 |   9 |  796.8 |
       Dungeon |   5887 |   5563 |    324 |   1086 |   3107 |   7 |  841.0 |
        Temple |    148 |    132 |     16 |      0 |    117 |   1 |  148.0 |
        Bailey |   1135 |   1135 |      0 |    729 |      0 |   1 | 1135.0 |
               +--------+--------+--------+--------+--------+-----+--------+

Top non-repeatable levels by time:
     D:5: 1657 daAuts
  Bailey: 1135 daAuts
     D:6: 928 daAuts
     D:4: 920 daAuts
     D:1: 864 daAuts
     D:2: 722 daAuts
     D:3: 705 daAuts
  Temple: 148 daAuts
     D:7: 88 daAuts
